 Dungeon Crawl Stone Soup version 0.26-a0-79-g47e9afce7f (webtiles) character file.

Game seed: 10299066774387853019

110125 vurker the Severer (level 17, -1/140 HPs)
             Began as a Formicid Fighter on June 15, 2020.
             Was the Champion of Makhleb.
             Slain by Jorgrun
             ... wielding a +0 vorpal quarterstaff
              (6 damage)
             ... on level 15 of the Dungeon.
             The game lasted 00:44:24 (25184 turns).

vurker the Severer (Formicid Fighter)              Turns: 25184, Time: 00:44:24

Health: -1/140     AC: 23    Str: 34    XL:     17   Next: 9%
Magic:  28/28      EV:  7    Int:  8    God:    Makhleb [******]
Gold:   1413       SH: 12    Dex: 10    Spells: 16/16 levels left

rFire    + + .     SeeInvis +   a - +2 battleaxe (vamp)
rCold    . . .     Gourm    .   C - +0 kite shield
rNeg     + + .     Faith    .   o - +3 plate armour
rPois    .         Spirit   .   (helmet unavailable)
rElec    +         Reflect  .   f - +1 cloak
rCorr    .         Harm     .   A - +1 pair of gloves {Dex+3}
MR       +....                  I - +0 pair of boots
Stlth    ..........             O - amulet "Obol" {rElec rF+ rN++ Regen+ Dex-3}
HPRegen  0.73/turn              n - ring of protection from fire
MPRegen  0.21/turn              i - +6 ring of strength

@: grasped by roots, constricted
A: permanent stasis, dig shafts and tunnels, four strong arms, antennae 3
a: Dig, Shaft Self, Minor Destruction, Lesser Servant of Makhleb, Major
Destruction, Greater Servant of Makhleb, Renounce Religion


You were on level 15 of the Dungeon.
You worshipped Makhleb.
Makhleb was exalted by your worship.
You were not hungry.

You visited 4 branches of the dungeon, and saw 24 of its levels.
You also visited: Gauntlet.

You collected 2516 gold pieces.
You spent 1103 gold pieces at shops.

Inventory:

Hand Weapons
 a - a +2 vampiric battleaxe (weapon)
   (You bought it in a shop on level 10 of the Dungeon)
 b - a +1 executioner's axe of draining
   (You acquired it on level 5 of the Lair of Beasts)
Missiles
 M - 19 silver javelins (quivered)
Armour
 f - a +1 cloak (worn)
   (You took it off Crazy Yiuf on level 3 of the Dungeon)
 o - a +3 plate armour (worn)
   (You found it on level 10 of the Dungeon)
 A - a +1 pair of gloves of dexterity (worn)
   (You bought it in a shop on level 10 of the Dungeon)
 C - a +0 kite shield (worn)
 I - a +0 pair of boots (worn)
   (You found it on level 14 of the Dungeon)
Jewellery
 i - a +6 ring of strength (right hand)
   (You found it on level 5 of the Dungeon)
 n - a ring of protection from fire (left hand)
   (You found it on level 5 of the Dungeon)
 B - an uncursed ring of flight
   (You found it on level 2 of the Lair of Beasts)
 H - an uncursed ring of resist corrosion
   (You found it on level 3 of the Lair of Beasts)
 L - an uncursed ring of ice
   (You found it on level 5 of the Lair of Beasts)
 O - the amulet "Obol" (around neck) {rElec rF+ rN++ Regen+ Dex-3}
   (You acquired it on level 14 of the Dungeon)

   [amulet of regeneration]

   It affects your dexterity (-3).
   It protects you from fire.
   It insulates you from electricity.
   It greatly protects you from negative energy.
   It increases your rate of regeneration.
 P - an uncursed amulet of regeneration {unknown}
   (You found it on level 14 of the Dungeon)
Wands
 c - a wand of disintegration (25)
   (You found it on level 13 of the Dungeon)
 d - a wand of iceblast (5)
   (You found it on level 7 of the Dungeon)
 q - a wand of enslavement (24)
   (You found it on level 5 of the Dungeon)
 t - a wand of flame (86)
   (You found it on level 1 of the Lair of Beasts)
 u - a wand of paralysis (22)
   (You found it on level 2 of the Dungeon)
 v - a wand of digging (5)
   (You found it on level 13 of the Dungeon)
 x - a wand of acid (2)
   (You found it on level 1 of the Lair of Beasts)
 D - a wand of polymorph (40)
   (You found it on level 1 of the Lair of Beasts)
 J - a wand of clouds (13)
   (You found it on level 3 of the Lair of Beasts)
Scrolls
 k - 17 scrolls of remove curse
 r - 6 scrolls of enchant armour
 y - a scroll of holy word
 F - 3 scrolls of fog
 G - 3 scrolls of immolation
 K - a scroll of magic mapping
Potions
 g - 2 potions of ambrosia
 h - 7 potions of might
 j - 6 potions of curing
 m - 6 potions of flight
 p - a potion of magic
 s - a potion of lignification
 w - 10 potions of heal wounds
 z - 3 potions of mutation
 E - 3 potions of invisibility
 Q - a potion of resistance
Comestibles
 e - 33 rations


   Skills:
 + Level 14.7 Fighting
 * Level 18.2 Axes
 + Level 9.4 Armour
 - Level 5.0 Dodging
 - Level 9.0 Shields
 + Level 14.9 Invocations


You had 16 spell levels left.
You didn't know any spells.
Your spell library contained the following spells:

 Spells                   Type           Power        Failure   Level  Hunger
 Animate Skeleton         Necr           N/A          95%         1    ##.....
 Apportation              Tloc           #.....       95%         1    ##.....
 Corona                   Hex            #......      95%         1    ##.....
 Foxfire                  Conj/Fire      #...         95%         1    ##.....
 Magic Dart               Conj           #...         95%         1    ##.....
 Pain                     Necr           #...         95%         1    ##.....
 Summon Small Mammal      Summ           #...         95%         1    ##.....
 Searing Ray              Conj           #.....       98%         2    ###....
 Dazzling Flash           Conj/Hex       #.....       100%        3    ####...
 Vampiric Draining        Necr           #.........   100%        3    ####...
 Animate Dead             Necr           N/A          100%        4    #####..
 Cause Fear               Hex            #.........   100%        4    #####..
 Fulminant Prism          Conj/Hex       #.........   100%        4    #####..
 Iskenderun's Mystic Bla  Conj/Tloc      #.......     100%        4    #####..
 Agony                    Necr           #.......     100%        5    ######.
 Dragon Form              Tmut           #.........   100%        7    #######
 Dragon's Call            Summ           #.........   100%        9    #######


Dungeon Overview and Level Annotations

Branches:
Dungeon (15/15)            Temple (1/1) D:5            Lair (6/6) D:11
 Shoals (0/4) Lair:4        Snake (0/4) Lair:2        Slime (0/5) Lair:5
    Orc (2/2) D:10            Elf (0/3) Orc:2        Vaults (0/5) D:13
Gauntlet (visited)
 Depths: D:15

Altars:
Ashenzari
Cheibriados
Dithmenos
Elyvilon
Fedhas
Gozag
Hepliaklqana
Kikubaaqudgha
Makhleb
Nemelex Xobeh
Okawaru
Qazlal
Ru
Sif Muna
Trog
Uskayaw
Vehumet
Wu Jian
Xom
Yredelemnul
Zin
The Shining One
Beogh
Jiyva

Shops:
D:5 !   D:10 (*(   Orc:1 :   Orc:2 :!*=

Annotations:
D:7 2 transporters, bmj180's ghost, novice DrCj
D:13 8 runed translucent doors
D:15 Jorgrun; Roxanne
Lair:6 exclusion: 4 oklob plants


Innate Abilities, Weirdness & Mutations

You cannot be hasted, slowed, berserked, paralysed or teleported.
You can dig through walls and to a lower floor.
Your four strong arms can wield two-handed weapons with a shield.
You have a pair of large antennae on your head. (SInv)


Message History

You slash Jorgrun! You block Jorgrun's attack.
You slice Jorgrun!! Jorgrun gestures at you while chanting.
You resist with some effort.
You miss Jorgrun.
Jorgrun points at you and mumbles some strange words.
The wall shatters!
The blast of rock fragments hits you!
* * * LOW HITPOINT WARNING * * *
Unknown command.
You slash Jorgrun! You miss Jorgrun.
Jorgrun points at you and mumbles some strange words.
The wall shatters!
The blast of rock fragments hits you but does no damage.
Unknown command.
You barely miss Jorgrun. You block Jorgrun's attack.
You slice Jorgrun!!
You feel better.
A cyclops comes into view.
Jorgrun casts a spell at you.
Roots burst forth from the earth!
The grasping roots grab you!
* * * LOW HITPOINT WARNING * * *
The grasping roots constrict you.
You closely miss Jorgrun. You miss Jorgrun.
Jorgrun hits you with a +0 vorpal quarterstaff.
* * * LOW HITPOINT WARNING * * *
* * * LOW HITPOINT WARNING * * *
* * * LOW HITPOINT WARNING * * *
The grasping roots constrict you.
The cyclops throws a large rock.
The large rock hits you!
* * * LOW HITPOINT WARNING * * *
Unknown command.
You slice Jorgrun!!
You feel better. Jorgrun gestures at you while chanting.
The iron shot hits you!!
* * * LOW HITPOINT WARNING * * *
The grasping roots constrict you.
The cyclops throws a large rock.
The large rock hits you but does no damage.
Unknown command.
Unknown command.
You feel magically purged. Jorgrun hits you but does no damage.
* * * LOW HITPOINT WARNING * * *
The grasping roots constrict you!
Unknown command.
You closely miss Jorgrun.
The cyclops throws a large rock.
The large rock hits you!
* * * LOW HITPOINT WARNING * * *
Jorgrun hits you but does no damage.
You die...

{{ {{{ ###
###############.##
.......)))(.(....###
######C#).##(......
#........#..#####
####......e........
#.####.)......#.#..<####
#.....@g....###........
#.######.###.#.#...####
.# #.##...# .. ... .....
.#### ###..# .. #... 8.
##.#


You could see Jorgrun and a cyclops.

Vanquished Creatures
  Frances (D:12)
  Kirke (Lair:6)
  Azrael (D:13)
  A minotaur (Gauntlet)
  Snorg (D:13)
  Josephine (D:12)
  A blizzard demon (Gauntlet)
  4 ogre magi (Orc:2)
  3 hydras
  8 vault guards (D:13)
  Erica (D:8)
  2 catoblepae
  3 centaur warriors
  11 death yaks (Lair:6)
  A death knight (D:13)
  19 two-headed ogres
  Nergalle (Lair:3)
  A soul eater (Gauntlet)
  Sonja (Lair:3)
  2 skeletal warriors (D:13)
  A fire crab (D:8)
  An orc knight (D:13)
  A phantasmal warrior (D:13)
  A wolf spider zombie (D:14)
  A deep elf mage (D:15)
  4 ugly things
  An orc sorcerer (Orc:2)
  A wolf spider (D:15)
  3 cyclopes
  Joseph (D:7)
  4 black mambas (Lair:2)
  2 gargoyles
  Maggie (D:6)
  19 spiny frogs
  3 rime drakes
  A torpor snail (Lair:6)
  A kobold demonologist (D:13)
  A redback zombie (D:13)
  10 komodo dragons
  A tengu conjurer (D:13)
  A freezing wraith (D:15)
  An ice devil (Gauntlet)
  8 trolls
  5 tyrant leeches (Lair:6)
  4 slime creatures
  13 dream sheep (Lair:6)
  A harpy skeleton (D:13)
  23 blink frogs
  Grinder (D:3)
  A meliai zombie (D:11)
  6 hippogriffs
  2 shadows (D:13)
  3 wyverns
  6 wraiths
  3 vampires (D:13)
  4 fire elementals (D:13)
  4 hogs (Lair:6)
  4 basilisks
  6 vampire mosquitoes (Lair:6)
  55 yaks
  Eustachio (D:5)
  7 hungry ghosts
  Grum (D:10)
  2 steam dragons
  2 wargs
  A harpy simulacrum (D:11)
  18 water moccasins
  2 hell hounds (D:13)
  6 porcupines
  4 ice beasts
  4 black bears
  26 orc warriors
  10 sky beasts
  A hornet zombie (D:9)
  3 phantoms
  3 necrophages
  An eye of draining (shapeshifter) (D:13)
  31 ogres
  4 wolves (D:10)
  8 crocodiles
  16 centaurs
  29 bullfrogs
  3 big kobolds
  A wyvern zombie (D:13)
  A water moccasin zombie (D:6)
  2 scorpions
  A troll zombie (D:10)
  8 killer bees
  3 wights (D:11)
  10 howler monkeys
  2 electric eels
  3 crimson imps
  4 centaur zombies
  3 hounds
  Crazy Yiuf (D:3)
  16 orc priests
  10 jellies
  8 centaur skeletons
  5 iguanas
  Ijyb (D:3)
  20 orc wizards
  A hell rat (Lair:6)
  9 worker ants
  5 ogre zombies (D:10)
  2 hound skeletons
  Robin (D:2)
  2 howler monkey zombies
  13 adders
  12 gnolls
  A howler monkey skeleton (D:5)
  3 shadow imps
  6 white imps (Gauntlet)
  6 oozes
  An adder zombie (D:6)
  An adder skeleton (D:6)
  A worm (D:2)
  3 dart slugs
  5 leopard geckos
  78 orcs
  2 ball pythons
  4 bats
  7 giant cockroaches
  19 goblins
  13 hobgoblins
  12 jackals
  6 quokkas
  6 frilled lizards
  A goblin zombie (D:10)
  5 hobgoblin skeletons (D:10)
  A hobgoblin zombie (D:10)
  22 kobolds
  A leopard gecko skeleton (D:6)
  2 orc skeletons (D:10)
  10 orc zombies (D:10)
  A quokka skeleton (D:8)
  5 rats
  2 fungi
  12 plants
836 creatures vanquished.

Vanquished Creatures (collateral kills)
  Rupert (Lair:3)
  2 hydras (Lair:5)
  An oklob plant (D:11)
  3 blink frogs (Lair:5)
  A water moccasin (Lair:2)
  A porcupine (Lair:2)
  A bullfrog (Lair:5)
  A wight (D:11)
11 creatures vanquished.

Vanquished Creatures (others)
  5 dream sheep (D:6)
  2 demonic plants (Gauntlet)
  27 fungi
  62 plants
96 creatures vanquished.

Grand Total: 943 creatures vanquished

Notes
Turn   | Place    | Note
-------+----------+-------------------------------------------
     0 | D:1      | vurker the Formicid Fighter began the quest for the Orb.
     0 | D:1      | Reached XP level 1. HP: 18/18 MP: 1/1
   142 | D:1      | Reached XP level 2. HP: 16/24 MP: 2/2
   554 | D:1      | Reached XP level 3. HP: 29/29 MP: 3/3
  1021 | D:2      | Found a faded altar of an unknown god.
  1021 | D:2      | Noticed Robin
  1038 | D:2      | Reached skill level 3 in Axes
  1052 | D:2      | Reached XP level 4. HP: 27/37 MP: 4/4
  1064 | D:2      | Killed Robin
  1268 | D:2      | Reached XP level 5. HP: 28/42 MP: 5/5
  1604 | D:2      | Reached skill level 4 in Axes
  2087 | D:2      | Found a shattered altar of Ashenzari.
  2113 | D:2      | Found a white marble altar of Elyvilon.
  2343 | D:3      | Reached XP level 6. HP: 49/49 MP: 6/6
  2509 | D:3      | Noticed Ijyb
  2567 | D:3      | Killed Ijyb
  2663 | D:3      | Found a runed translucent door.
  2664 | D:3      | Noticed Crazy Yiuf
  2734 | D:3      | Noticed Grinder
  2752 | D:3      | Killed Grinder
  2752 | D:3      | Reached skill level 5 in Axes
  2752 | D:3      | Reached skill level 5 in Shields
  2752 | D:3      | Reached XP level 7. HP: 41/55 MP: 7/7
  2871 | D:3      | Reached skill level 5 in Fighting
  3155 | D:3      | Killed Crazy Yiuf
  3428 | D:4      | Found a hide-covered altar of Uskayaw.
  3428 | D:4      | Noticed a +0 hand axe
  3429 | D:4      | Noticed a +0 dagger
  3647 | D:4      | Reached skill level 6 in Axes
  3716 | D:4      | Reached XP level 8. HP: 63/63 MP: 8/8
  3832 | D:5      | Entered Level 5 of the Dungeon
  3975 | D:5      | Found a staircase to the Ecumenical Temple.
  3985 | Temple   | Entered the Ecumenical Temple
  4173 | Temple   | Became a worshipper of Makhleb the Destroyer
  4272 | D:5      | Reached skill level 1 in Invocations
  4295 | D:5      | Found Goirghink's Distillery.
  4298 | D:5      | Bought a potion of might for 56 gold pieces
  4298 | D:5      | Bought a potion of might for 56 gold pieces
  4298 | D:5      | Bought a potion of lignification for 42 gold pieces
  4347 | D:5      | Found a bloodstained altar of Trog.
  4397 | D:5      | Noticed Eustachio
  4405 | D:5      | Killed Eustachio
  4405 | D:5      | Reached skill level 7 in Axes
  4584 | D:5      | Found a glowing golden altar of the Shining One.
  4802 | D:6      | Reached XP level 9. HP: 71/71 MP: 11/11
  4919 | D:6      | Reached * piety under Makhleb
  5075 | D:6      | Reached skill level 8 in Axes
  5195 | D:6      | Noticed Maggie
  5222 | D:6      | Killed Maggie
  5341 | D:6      | Found a shimmering altar of Xom.
  5611 | D:7      | Noticed bmj180's ghost (novice DrCj)
  5741 | D:7      | Noticed a troll
  5757 | D:7      | Killed a troll
  6240 | D:7      | Reached skill level 9 in Axes
  6240 | D:7      | Reached skill level 5 in Invocations
  6240 | D:7      | Reached XP level 10. HP: 79/79 MP: 13/13
  6560 | D:7      | Found a transporter.
  6668 | D:7      | Noticed Joseph
  6684 | D:7      | Killed Joseph
  6872 | D:7      | Found a transporter.
  7143 | D:8      | Noticed Erica
  7155 | D:8      | Reached ** piety under Makhleb
  7177 | D:8      | Killed Erica
  7177 | D:8      | Reached skill level 10 in Axes
  7515 | D:8      | Noticed a fire crab
  7515 | D:8      | a hippogriff changed into a fire crab
  7522 | D:8      | Killed a fire crab
  8331 | D:9      | Reached XP level 11. HP: 67/87 MP: 16/16
  8490 | D:9      | Reached skill level 11 in Axes
  8629 | D:9      | Found an ornate altar of the Wu Jian Council.
  8864 | D:10     | Entered Level 10 of the Dungeon
  8998 | D:10     | Found a staircase to the Orcish Mines.
  9225 | D:10     | Found Hosuce's Weapon Emporium.
  9334 | D:10     | Noticed Grum
  9355 | D:10     | Killed Grum
  9724 | D:10     | Found Tudafoep's General Store.
  9728 | D:10     | Reached *** piety under Makhleb
  9739 | D:10     | Bought a +1 pair of gloves of dexterity for 231 gold pieces
  9787 | D:10     | Found Iveyges's Weapon Boutique.
  9954 | D:11     | Reached skill level 12 in Axes
  9954 | D:11     | Noticed a purple ugly thing
  9974 | D:11     | Killed a purple ugly thing
  9974 | D:11     | Reached skill level 10 in Fighting
 10000 | D:11     | Noticed an oklob plant
 10005 | D:11     | Found a staircase to the Lair.
 10011 | D:11     | Killed an oklob plant
 10011 | D:11     | Reached XP level 12. HP: 85/96 MP: 18/18
 10113 | D:11     | Noticed a two-headed ogre
 10120 | D:11     | Killed a two-headed ogre
 10981 | Lair:1   | Entered Level 1 of the Lair of Beasts
 11283 | Lair:1   | Reached skill level 13 in Axes
 11290 | Lair:1   | Reached skill level 10 in Invocations
 11909 | Lair:1   | Noticed a five-headed hydra
 11921 | Lair:1   | Killed a five-headed hydra
 12263 | Lair:2   | Noticed a seven-headed hydra
 12273 | Lair:2   | Killed a seven-headed hydra
 12301 | Lair:2   | Noticed an eight-headed hydra
 12316 | Lair:2   | Killed an eight-headed hydra
 12686 | D:10     | Bought a +1 vampiric battleaxe for 344 gold pieces
 12821 | Lair:2   | Reached XP level 13. HP: 44/105 MP: 20/20
 12870 | Lair:2   | Reached skill level 14 in Axes
 13275 | Lair:2   | Found a staircase to the Snake Pit.
 13852 | Lair:3   | Noticed Sonja
 13852 | Lair:3   | Noticed Rupert
 13864 | Lair:3   | Killed Sonja
 13867 | Lair:3   | Killed Rupert
 14099 | Lair:3   | Noticed Nergalle
 14109 | Lair:3   | Killed Nergalle
 14558 | Lair:3   | Reached **** piety under Makhleb
 15051 | Lair:4   | Found a staircase to the Shoals.
 15466 | Lair:4   | Reached skill level 15 in Axes
 15945 | Lair:5   | Noticed a catoblepas
 15956 | Lair:4   | Killed a catoblepas
 16121 | Lair:5   | Noticed a six-headed hydra
 16127 | Lair:5   | Killed a seven-headed hydra
 16143 | Lair:5   | Found a viscous altar of Jiyva.
 16144 | Lair:5   | Found a staircase to the Slime Pits.
 16151 | Lair:5   | Noticed a seven-headed hydra
 16162 | Lair:5   | Killed a seven-headed hydra
 16162 | Lair:5   | Reached XP level 14. HP: 116/116 MP: 23/23
 16850 | Lair:5   | Identified a scroll of acquirement
 16853 | Lair:6   | Entered Level 6 of the Lair of Beasts
 16979 | Lair:6   | Reached skill level 1 in Dodging
 16991 | Lair:6   | Reached ***** piety under Makhleb
 17533 | Lair:6   | Reached skill level 16 in Axes
 17605 | Lair:6   | Reached skill level 5 in Armour
 17675 | Lair:6   | Reached XP level 15. HP: 124/124 MP: 10/24
 17938 | Lair:6   | Noticed Kirke
 18028 | Lair:6   | Killed Kirke
 18780 | Orc:1    | Entered Level 1 of the Orcish Mines
 18883 | Orc:1    | Reached ****** piety under Makhleb
 18924 | Orc:1    | Found Xuolietru's Book Emporium.
 19285 | Orc:2    | Entered Level 2 of the Orcish Mines
 19778 | Orc:2    | Found Ideys's Book Emporium.
 19778 | Orc:2    | Found Xoumof's Assorted Antiques.
 19778 | Orc:2    | Found Hexuis's Distillery.
 19778 | Orc:2    | Found Geschu's Jewellery Shoppe.
 19796 | Orc:2    | Reached skill level 5 in Dodging
 19841 | Orc:2    | Reached skill level 17 in Axes
 19883 | Orc:2    | Bought a potion of mutation for 88 gold pieces
 19883 | Orc:2    | Bought 2 potions of heal wounds for 110 gold pieces
 19883 | Orc:2    | Bought a potion of might for 44 gold pieces
 19883 | Orc:2    | Bought a potion of might for 44 gold pieces
 19883 | Orc:2    | Bought 2 potions of might for 88 gold pieces
 20037 | Orc:2    | Found a staircase to the Elven Halls.
 20725 | D:12     | Found a gate leading to a gauntlet.
 20733 | D:12     | Reached XP level 16. HP: 132/132 MP: 26/26
 20742 | Gauntlet | Entered a Gauntlet
 20742 | Gauntlet | Found a transporter.
 20742 | Gauntlet | Found a transporter.
 20761 | Gauntlet | Found a transporter.
 20773 | Gauntlet | Found a transporter.
 20790 | Gauntlet | Found a transporter.
 20790 | Gauntlet | Found a transporter.
 20792 | Gauntlet | Found a transporter.
 20792 | Gauntlet | Found a transporter.
 20793 | Gauntlet | Found a transporter.
 20806 | Gauntlet | Found a transporter.
 20818 | Gauntlet | Found a runed translucent gate.
 20819 | Gauntlet | Found a transporter.
 20819 | Gauntlet | Found a runed translucent gate.
 20820 | Gauntlet | Found a runed translucent gate.
 20829 | Gauntlet | Found a transporter.
 20834 | Gauntlet | Found a transporter.
 20876 | Gauntlet | Found a transporter.
 21739 | D:12     | Noticed Josephine
 21765 | D:12     | Killed Josephine
 21918 | D:12     | Noticed Frances
 21947 | D:12     | Killed Frances
 22434 | D:13     | Found a large runed translucent door.
 22439 | D:13     | Found a large runed translucent door.
 22441 | D:13     | Found a large runed translucent door.
 22442 | D:13     | Found a large runed translucent door.
 22475 | D:13     | Found a gate to the Vaults.
 22708 | D:13     | Noticed Azrael
 22728 | D:13     | Killed Azrael
 22850 | D:13     | Found a blossoming altar of Fedhas.
 23029 | D:13     | Found a large runed translucent door.
 23031 | D:13     | Found a large runed translucent door.
 23033 | D:13     | Found a large runed translucent door.
 23035 | D:13     | Found a large runed translucent door.
 23107 | D:13     | Noticed Snorg
 23148 | D:13     | Killed Snorg
 23148 | D:13     | Reached skill level 18 in Axes
 23928 | D:13     | Found a roughly hewn altar of Beogh.
 24018 | D:14     | Got the amulet "Obol" {rElec rF+ rN++ Regen+ Dex-3}
 24336 | D:14     | Reached XP level 17. HP: 140/140 MP: 28/28
 25112 | D:15     | Entered Level 15 of the Dungeon
 25158 | D:15     | Noticed Jorgrun
 25160 | D:15     | Noticed Roxanne
 25184 | D:15     | HP: 5/140 [cyclops/large rock (8)]
 25184 | D:15     | Slain by Jorgrun

Illustrated notes

Levels and vault maps discovered:
D:1:      saegor_arrival_simple_c, layout_basic
D:2:      layout_basic, old_standard_altar, lemuel_round_altar,
          chequers_ecumenical_altar_simple, minmay_quantized, uniq_robin
D:3:      layout_loops_ring, first_ration, chequers_serial_rivers_micro_b,
          uniq_crazy_yiuf_cottage, uniq_ijyb, uniq_grinder
D:4:      layout_loops_ring, dancing_weapons_uskayaw
D:5:      layout_cave_pools, lemuel_coloured_pillars_altar, tso_altar,
          minmay_temple_entry_overgrown, serial_shops, kennysheep_mini,
          kennysheep_generic_room_13, uniq_eustachio
D:6:      layout_loops_cross, kb_xom_exploding_sheep, uniq_maggie
D:7:      layout_basic, gammafunk_ghost_stat_death, serial_bayou_lagoon_a,
          uniq_joseph
D:8:      layout_loops_ring, uniq_erica
D:9:      layout_rooms, old_standard_altar
D:10:     layout_long_grid, zombieorc1_lemuel, serial_shops, shop_statue, shop,
          shop, uniq_grum
D:11:     layout_irregular_city, dpeg_oklobed_lair
D:12:     layout_loops_corners, gauntlet_entry_generic, uniq_josephine,
          uniq_frances
D:13:     minmay_five_octagons, layout_basic, erik_vaults_2, basic_altar,
          special_room [special_room_orc], hangedman_little_slice_of_home,
          grunt_ministairs_6, uniq_azrael, uniq_snorg
D:14:     layout_long_grid, minivault_19, kennysheep_cross_bottleneck,
          roderic_lattice_a, lemuel_flame_loot_1
D:15:     grunt_enter_depths_magical_seal, layout_loops_ring, serial_shops,
          shop, basic_altar, ashenzari_altar_1, uniq_roxanne, uniq_jorgrun
Temple:   eino_temple_scatter_basement
Lair:1:   layout_roguey, infiniplex_staircase_pool, lemuel_fruit_fields,
          grunt_megastairs_4
Lair:2:   layout_small_grid, minmay_snake_entry_six_corridors
Lair:3:   layout_roguey, serial_bayou_lagoon_b, uniq_nergalle, uniq_rupert,
          uniq_sonja
Lair:4:   layout_regular_city, shoals_dummy_entry, pond
Lair:5:   layout_regular_city, slime_altar_1
Lair:6:   minmay_lair_end_frog_pond, layout_gridlike, minmay_lair_oklob_chamber,
          uniq_kirke
Orc:1:    layout_caves, serial_shops, shop
Orc:2:    st_orc_ogre_mass, layout_caves

Skill      XL: |  1  2  3  4  5  6  7  8  9 10 11 12 13 14 15 16 |
---------------+-------------------------------------------------+-----
Shields        | 4 5 6 7 8 9 |  9.0
Axes           | 3 4 5 6 7 9 10 12 13 15 16 17 18 | 18.2
Fighting       | 4 5 6 7 8 10 11 12 13 14 | 14.7
Invocations    | 2 5 7 9 10 12 13 14 | 14.9
Dodging        | 3 5 |  5.0
Armour         | 5 7 9 |  9.4

Action                   |  1- 3 |  4- 6 |  7- 9 | 10-12 | 13-15 | 16-18 || total
-------------------------+-------+-------+-------+-------+-------+-------++-------
Melee: War axe           |    98 |   236 |    11 |       |       |       ||   345
       Quarterstaff      |       |       |   220 |   119 |       |       ||   339
       Battleaxe         |       |       |       |   445 |  1026 |   664 ||  2135
       Unarmed           |       |       |       |       |    18 |       ||    18
Invok: Lesser Servant of |       |       |       |     8 |     6 |       ||    14
 Abil: Dig               |     1 |     1 |     1 |     5 |     6 |     6 ||    20
Evoke: Wand              |       |       |     1 |     9 |     1 |     1 ||    12
  Use: Scroll            |       |       |    10 |    11 |     6 |     5 ||    32
       Potion            |       |       |     1 |     2 |     1 |     2 ||     6
 Stab: Petrified         |       |       |     6 |       |       |       ||     6
       Paralysed         |       |       |     2 |       |       |       ||     2
       Confused          |       |       |       |     1 |       |     1 ||     2
       Distracted        |       |       |       |     3 |     3 |       ||     6
       Petrifying        |       |       |       |       |       |     1 ||     1
  Eat: Chunk             |       |     7 |    13 |    26 |    27 |    13 ||    86
       Ration            |       |       |       |     1 |       |     2 ||     3
Armor: Scale mail        |    59 |    92 |    82 |    76 |       |       ||   309
       Plate armour      |       |       |       |   185 |   257 |   195 ||   637
Dodge: Dodged            |    40 |    77 |   127 |   259 |   325 |   188 ||  1016
Block: Kite shield       |    52 |   120 |   135 |   391 |   512 |   284 ||  1494

Table legend:
 A = Non-vault XP
 B = Vault XP
 C = Vault XP percentage of total XP
 D = Non-vault monster count
 E = Vault monster count
 F = Vault count percentage of total count
                 A         B        C        D         E       F
            +---------+---------+-------+---------+---------+-------
      Total |   81077 |   76245 |  48.5 |     563 |     270 |  32.4
            +---------+---------+-------+---------+---------+-------
        D:1 |      42 |       0 |   0.0 |      21 |       0 |   0.0
        D:2 |     168 |      46 |  21.5 |      37 |      17 |  31.5
        D:3 |     125 |     335 |  72.8 |      17 |       3 |  15.0
        D:4 |     294 |       0 |   0.0 |       9 |       0 |   0.0
        D:5 |     624 |     188 |  23.2 |      14 |       2 |  12.5
        D:6 |     970 |     409 |  29.7 |      24 |       1 |   4.0
        D:7 |    1327 |     466 |  26.0 |      22 |       1 |   4.3
        D:8 |    1554 |     929 |  37.4 |      18 |       1 |   5.3
        D:9 |    2049 |       0 |   0.0 |      20 |       0 |   0.0
       D:10 |    2218 |    1370 |  38.2 |      21 |      33 |  61.1
       D:11 |    5610 |     433 |   7.2 |      36 |       1 |   2.7
       D:12 |    6633 |    3984 |  37.5 |      44 |       5 |  10.2
       D:13 |    7534 |   22526 |  74.9 |      35 |      74 |  67.9
       D:14 |    2815 |       0 |   0.0 |      13 |       0 |   0.0
       D:15 |    4032 |       0 |   0.0 |      13 |       0 |   0.0
     Lair:1 |    3342 |     343 |   9.3 |      16 |       1 |   5.9
     Lair:2 |    6085 |    2187 |  26.4 |      24 |      15 |  38.5
     Lair:3 |    4050 |    3486 |  46.3 |      22 |       3 |  12.0
     Lair:4 |    3964 |     514 |  11.5 |      17 |       5 |  22.7
     Lair:5 |    5786 |       0 |   0.0 |      26 |       0 |   0.0
     Lair:6 |   17295 |   16695 |  49.1 |      40 |      58 |  59.2
      Orc:1 |    2612 |       0 |   0.0 |      52 |       0 |   0.0
      Orc:2 |    1948 |   18820 |  90.6 |      22 |      38 |  63.3
   Gauntlet |       0 |    3514 | 100.0 |       0 |      12 | 100.0
            +---------+---------+-------+---------+---------+-------
